[Event "42nd Olympiad Baku 2016 Open"]
[Site "Baku"]
[Date "2016.09.02"]
[Round "1.3"]
[White "Ho Hou-Meng, Herman"]
[Black "Bilguun, Sumiya"]
[Result "0-1"]
[ECO "D31"]
[WhiteElo "1908"]
[BlackElo "2444"]
[PlyCount "51"]
[EventDate "2016.??.??"]
[EventCountry "AZE"]
[BlackTeam "Mongolei"]
[BlackTeamCountry "MGL"]
[TimeControl "40/5400+30:1800+30"]
[BlackClock "0:20:16"]

1. d4 {(00:00} d5 {(00:00} 2. c4 {(00:00} e6 {(
00:00} 3. Nc3 {(00:16} c6 {(00:35} 4. Nf3 {(02:42}
dxc4 {(00:07} 5. a4 {(09:28} Bb4 {(00:37} 6. Bd2 {
(11:29} a5 {(01:33} 7. e3 {(10:43} b5 {(00:17}
8. g3 {(01:11} Nf6 {(11:19} 9. Bg2 {(04:45} Bxc3 {
(00:49} 10. bxc3 {(00:58} Nbd7 {(03:11} 11. Rb1 {
(14:13} Rb8 {(09:01} 12. O-O {(11:41} O-O {(01:
25} 13. Qc2 {(05:11} Ba6 {(09:29} 14. Rfd1 {(05:30}
Nd5 {(13:02} 15. e4 {(02:32} N5b6 {(01:45} 16. Bf4 {
(06:17} Ra8 {(05:37} 17. g4 {(03:12} Qe7 {(02:
34} 18. Bg5 {(03:27} f6 {(00:14} 19. Bd2 {(00:29} Nxa4
{(00:28} 20. g5 {(04:15} fxg5 {(14:37} 21. Nxg5 {
(00:44} e5 {(00:38} 22. Be3 {(01:14} h6 {(01:57]
} 23. Nf3 {(00:26} c5 {(02:26} 24. dxe5 {(00:45} Nxe5 {
(00:24} 25. Nxe5 {(00:20} Qxe5 {(00:09} 26. Rbc1 {
(01:12} 0-1

[Event "42nd Olympiad Baku 2016 Open"]
[Site "Baku"]
[Date "2016.09.02"]
[Round "1.25"]
[White "Hodgson, Norman"]
[Black "Draskovic, Luka"]
[Result "0-1"]
[ECO "B20"]
[WhiteElo "1831"]
[BlackElo "2448"]
[PlyCount "72"]
[EventDate "2016.??.??"]
[EventCountry "AZE"]
[WhiteTeam "Niederländische Antillen"]
[BlackTeam "Montenegro"]
[WhiteTeamCountry "AHO"]
[BlackTeamCountry "MNE"]
[TimeControl "40/5400+30:1800+30"]
[WhiteClock "0:00:52"]
[BlackClock "0:21:31"]

1. e4 {(00:00} c5 {(00:00} 2. g3 {(00:00} g6 {(
00:33} 3. Bg2 {(00:06} Bg7 {(00:05} 4. Ne2 {(00:22}
Nc6 {(00:46} 5. O-O {(00:22} d6 {(05:11} 6. d3 {
(02:50} e6 {(02:13} 7. c3 {(01:21} Nge7 {(02:42]
} 8. f4 {(04:42} O-O {(01:09} 9. Nd2 {(02:26} b5 {
(02:53} 10. Nf3 {(04:03} b4 {(01:46} 11. Rb1 {(
02:26} Rb8 {(02:35} 12. c4 {(03:35} Qa5 {(09:03} 13.
Ra1 {(21:16} Rd8 {(03:06} 14. Nd2 {(11:44} Qc7 {
(03:21} 15. Qc2 {(15:41} a5 {(02:48} 16. Rb1 {(
02:45} b3 {(06:26} 17. Nxb3 {(07:38} Nb4 {(00:21} 18.
Qd2 {(00:33} a4 {(03:10} 19. a3 {(03:03} Nxd3 {(
01:48} 20. Qxd3 {(04:39} Rxb3 {(00:07} 21. Qc2 {(00:33]
} Nc6 {(04:50} 22. Rd1 {(04:49} Nd4 {(03:02} 23. Nxd4 {
(00:28} cxd4 {(00:07} 24. Rd3 {(01:09} Rxd3 {(
02:31} 25. Qxd3 {(00:13} Ba6 {(00:04} 26. Bd2 {(02:10}
Qxc4 {(02:39} 27. Qxc4 {(00:43} Bxc4 {(00:06} 28. Bf1 {
(01:11} d5 {(02:13} 29. exd5 {(01:26} exd5 {(03:
45} 30. Ba5 {(00:57} Rb8 {(01:21} 31. Bc7 {(00:23} Rb7
{(01:36} 32. Bd6 {(00:24} d3 {(08:05} 33. Re1 {(
00:16} Bd4+ {(00:49} 34. Kg2 {(00:20} Rxb2+ {(04:15}
35. Kf3 {(02:02} h5 {(00:56} 36. Rd1 {(00:32} Rf2# {
(00:07} 0-1

[Event "42nd Olympiad Baku 2016 Open"]
[Site "Baku"]
[Date "2016.09.02"]
[Round "1.5"]
[White "Hossain, Enamul"]
[Black "Rossini, Paul"]
[Result "1-0"]
[ECO "D06"]
[WhiteElo "2431"]
[BlackElo "1692"]
[PlyCount "45"]
[EventDate "2016.??.??"]
[EventCountry "AZE"]
[WhiteTeam "Bangladesch"]
[BlackTeam "San Marino"]
[WhiteTeamCountry "BAN"]
[BlackTeamCountry "SMR"]
[TimeControl "40/5400+30:1800+30"]
[WhiteClock "1:08:55"]
[BlackClock "0:38:46"]

1. d4 {(00:00} d5 {(00:00} 2. c4 {(00:00} Nf6 {(
00:00} 3. cxd5 {(00:01} Nxd5 {(00:04} 4. Nf3 {(01:49}
Bf5 {(01:28} 5. Nbd2 {(04:40} Nf6 {(01:53} 6. Qb3 {
(01:40} b6 {(02:53} 7. Ne5 {(04:25} e6 {(06:12}
8. e4 {(07:23} Bxe4 {(10:42} 9. Nxe4 {(00:43} Nxe4 {
(06:52} 10. Bb5+ {(01:01} c6 {(04:21} 11. Nxc6 {
(00:27} Nxc6 {(01:05} 12. Bxc6+ {(00:04} Ke7 {(
00:17} 13. Bxe4 {(00:09} Rc8 {(00:49} 14. d5 {(00:50}
Qd6 {(03:11} 15. O-O {(02:45} e5 {(00:49} 16. Bg5+ {
(01:13} f6 {(00:30} 17. Bd2 {(00:04} a5 {(00:26]
} 18. Rac1 {(00:28} Rd8 {(06:11} 19. Rc6 {(00:30} Qb8 {
(00:37} 20. Re6+ {(02:10} Kf7 {(03:13} 21. d6 {(
00:17} Bxd6 {(00:23} 22. Rxd6+ {(01:29} Kf8 {(10:18}
23. Rxb6 {(00:27} 1-0

[Event "42nd Olympiad Baku 2016 Open"]
[Site "Baku"]
[Date "2016.09.02"]
[Round "1.28"]
[White "Howell, David W L"]
[Black "Meshkov, Yuri A"]
[Result "1-0"]
[ECO "B22"]
[WhiteElo "2665"]
[BlackElo "2354"]
[PlyCount "133"]
[EventDate "2016.??.??"]
[EventCountry "AZE"]
[WhiteTeam "England"]
[BlackTeam "Russland"]
[WhiteTeamCountry "ENG"]
[BlackTeamCountry "RUS"]
[TimeControl "40/5400+30:1800+30"]
[WhiteClock "0:01:30"]
[BlackClock "0:01:48"]

1. e4 {(00:00} c5 {(00:00} 2. c3 {(00:09} d6 {(
00:29} 3. d4 {(00:23} Nf6 {(00:28} 4. Bd3 {(00:43} g6
{(00:24} 5. Nf3 {(01:32} Bg7 {(00:13} 6. O-O {(
00:38} O-O {(00:08} 7. h3 {(01:10} d5 {(00:25} 8. e5 {
(00:29} Ne4 {(07:12} 9. Re1 {(00:27} Nc6 {(25:
14} 10. Nbd2 {(00:56} Nxd2 {(00:18} 11. Bxd2 {(00:11}
Qb6 12. dxc5 {(01:17} Qxc5 {(00:44} 13. Be3 {(09:33}
Qa5 {(03:54} 14. Bg5 {(00:08} Qc7 {(10:39} 15. Qe2 {
(01:48} Bd7 {(01:49} 16. Rad1 {(14:28} Rae8 {(
06:02} 17. Bc2 {(11:19} e6 18. h4 {(18:00} Nxe5 {(05:
30} 19. Nxe5 {(00:10} Bxe5 {(00:33} 20. Qxe5 {(00:01}
Qxe5 {(00:00} 21. Rxe5 {(00:16} f6 {(00:07} 22. Re3 {
(14:53} fxg5 {(01:45} 23. hxg5 {(00:05} Rc8 {(
10:20} 24. Rd4 {(02:34} Rc7 {(01:57} 25. Kf1 {(04:50}
a5 {(03:20} 26. Ke2 {(02:14} b6 {(08:04} 27. Bd3 {
(00:47} Rf7 {(00:57} 28. Re5 {(06:45} Rc5 {(01:
04} 29. Ke3 {(01:47} Kf8 {(02:12} 30. f4 {(06:38} Ke7
{(05:30} 31. Be2 {(00:32} Kd6 {(01:01} 32. Rd1 {
(00:15} b5 {(01:45} 33. g3 {(00:20} Bc8 {(00:19]
} 34. Kd4 {(01:01} Rfc7 {(00:30} 35. Bd3 {(00:36} b4 {
(00:34} 36. Rc1 {(00:25} bxc3 {(00:09} 37. Rxc3 {
(00:33} Rxc3 {(00:27} 38. bxc3 {(00:07} Rb7 {(
00:55} 39. Re2 {(00:18} a4 40. Ba6 {(00:00} Rc7 {(00:
00} 41. Bb5 {(11:34} a3 {(25:49} 42. Re1 {(11:37} Bd7
{(00:36} 43. Bxd7 {(00:33} Kxd7 {(00:14} 44. Rb1 {
(00:32} Rc4+ {(00:39} 45. Kd3 {(00:41} e5 {(06:
31} 46. Rb4 {(04:13} exf4 {(00:12} 47. gxf4 {(00:11}
Rc7 48. Ra4 {(02:01} Ke6 {(00:41} 49. Rxa3 {(00:22} Rc4
{(00:23} 50. Ra6+ {(02:32} Kf5 {(02:09} 51. Rd6 {
(00:57} Rxf4 {(01:35} 52. Rxd5+ {(00:25} Ke6 {(
01:09} 53. c4 {(01:06} Rf3+ {(00:32} 54. Kc2 {(00:26}
Ra3 {(00:16} 55. Kb2 {(00:11} Rh3 {(00:07} 56. a4 {
(00:28} h5 {(00:03} 57. gxh6 {(01:49} Rxh6 {(00:
11} 58. a5 {(00:20} Rh8 {(00:44} 59. Kc3 {(00:35} Ra8
{(00:59} 60. Kb4 {(00:36} Rg8 {(00:04} 61. a6 {(
00:25} g5 {(00:56} 62. a7 {(00:34} g4 {(00:06} 63. Kb5
{(00:29} g3 {(00:19} 64. Kb6 {(00:20} g2 {(00:
59} 65. Rd1 {(00:05} Rd8 {(00:30} 66. Rg1 {(00:23}
Rd6+ 67. Kb5 {(00:17} 1-0

[Event "42nd Olympiad Baku 2016 Open"]
[Site "Baku"]
[Date "2016.09.02"]
[Round "1.22"]
[White "Hracek, Zbynek"]
[Black "Ng, Tze Han"]
[Result "1-0"]
[ECO "E21"]
[WhiteElo "2591"]
[BlackElo "2190"]
[PlyCount "97"]
[EventDate "2016.??.??"]
[EventCountry "AZE"]
[WhiteTeam "Tschechien"]
[BlackTeam "Malaysien"]
[WhiteTeamCountry "CZE"]
[BlackTeamCountry "MAS"]
[TimeControl "40/5400+30:1800+30"]
[WhiteClock "0:22:35"]
[BlackClock "0:08:20"]

1. d4 {(00:00} Nf6 {(00:00} 2. c4 {(00:00} e6 {(
00:00} 3. Nc3 {(00:00} Bb4 {(00:14} 4. Nf3 {(00:00} b6
{(01:35} 5. Bd2 {(00:17} Bb7 {(01:36} 6. g3 {(
00:53} c5 {(06:11} 7. dxc5 {(01:11} Bxc5 {(10:26} 8.
Bg2 {(00:05} O-O {(01:21} 9. O-O {(00:05} Be7 {(
03:27} 10. Rc1 {(02:07} d6 {(04:11} 11. Bf4 {(09:41}
a6 {(03:48} 12. Qd2 {(01:08} Qc7 {(02:12} 13. Rfd1 {
(01:57} Rd8 {(08:34} 14. b3 {(17:27} Ne4 {(04:
59} 15. Nxe4 {(07:39} Bxe4 {(00:17} 16. h4 {(09:17}
Bf8 {(10:37} 17. Ng5 {(05:11} Bxg2 {(03:16} 18. Kxg2 {
(00:02} Qc6+ {(03:47} 19. f3 {(00:40} Nd7 {(03:
00} 20. Ne4 {(02:00} Nc5 {(01:57} 21. Nc3 {(00:13} Nd7
{(07:54} 22. Bg5 {(08:11} f6 {(03:09} 23. Bf4 {(
01:26} Rac8 {(01:31} 24. a4 {(04:53} Kf7 {(02:21} 25.
e4 {(04:14} Kg8 {(03:19} 26. h5 {(01:49} h6 {(
01:26} 27. Be3 {(02:13} Rb8 {(02:04} 28. Qe2 {(06:49}
Rdc8 {(01:29} 29. Bd4 {(01:13} Be7 {(00:53} 30. Kf2 {
(01:15} Ne5 {(01:21} 31. f4 {(01:27} Nd7 {(02:
08} 32. f5 {(08:16} e5 {(04:50} 33. Be3 {(02:14} Nf8 {
(00:51} 34. Qd3 {(01:55} Rb7 {(00:27} 35. Nd5 {(
00:20} Bd8 {(01:41} 36. Nb4 {(00:19} Qe8 {(00:15} 37.
Qd5+ {(00:39} Rf7 {(00:09} 38. Nxa6 {(00:13} Kh8 {
(00:13} 39. g4 {(00:51} Ra7 {(00:32} 40. Nb4 {(
00:00} Bc7 {(00:00} 41. Qb5 {(07:55} Nd7 {(02:49} 42.
Nd5 {(00:09} Ra5 {(14:31} 43. Qb4 {(00:02} Rc5 {
(04:53} 44. Nxc7 {(03:54} R5xc7 {(00:16} 45. Rxd6 {
(00:09} Nc5 {(00:26} 46. Kf3 {(00:32} Rc6 {(02:
05} 47. Rcd1 {(00:10} Qe7 {(01:28} 48. Bxc5 {(00:50}
bxc5 {(01:11} 49. Rxc6 {(00:04} 1-0

[Event "42nd Olympiad Baku 2016 Open"]
[Site "Baku"]
[Date "2016.09.02"]
[Round "1.10"]
[White "Husari, Satea"]
[Black "Salgado Lopez, Ivan"]
[Result "1/2-1/2"]
[ECO "D80"]
[WhiteElo "2299"]
[BlackElo "2662"]
[PlyCount "116"]
[EventDate "2016.??.??"]
[EventCountry "AZE"]
[WhiteTeam "Syrien"]
[BlackTeam "Spanien"]
[WhiteTeamCountry "SYR"]
[BlackTeamCountry "ESP"]
[TimeControl "40/5400+30:1800+30"]
[WhiteClock "0:40:16"]
[BlackClock "0:21:31"]

1. d4 {(00:00} Nf6 {(00:00} 2. c4 {(00:00} g6 {(
00:00} 3. Nc3 {(00:00} d5 {(00:01} 4. Bg5 {(00:17} Ne4
{(00:48} 5. Bh4 {(00:05} Nxc3 {(00:32} 6. bxc3 {
(00:03} dxc4 {(00:27} 7. e3 {(00:10} Be6 {(00:
56} 8. Nf3 {(00:13} Bg7 {(02:38} 9. Rb1 {(01:36} Nd7 {
(07:17} 10. Ng5 {(05:34} Bd5 {(04:22} 11. e4 {(
01:27} h6 {(02:27} 12. exd5 {(01:39} hxg5 {(00:08} 13.
Bxg5 {(00:10} Nb6 {(00:11} 14. Bxc4 {(01:25} Nxc4 {
(07:50} 15. Qa4+ {(00:08} Qd7 {(02:41} 16. Qxc4 {
(00:05} b6 {(09:48} 17. Qc6 {(10:35} Rd8 {(02:
47} 18. Bf4 {(00:21} Rh5 {(02:34} 19. Bxc7 {(03:09}
Rc8 {(01:42} 20. Qxd7+ {(15:20} Kxd7 {(00:17} 21. Be5 {
(11:24} Bxe5 {(05:09} 22. dxe5 {(00:02} Rxe5+ {(
00:35} 23. Kd2 {(00:01} Rxd5+ {(00:30} 24. Kc2 {(00:06]
} Ra5 {(00:26} 25. Rbd1+ {(01:04} Ke8 {(02:25} 26. Kb3
{(01:04} Rb5+ {(00:35} 27. Kc2 {(00:03} Rc4 {(
00:57} 28. Rd4 {(03:28} Rxd4 {(08:49} 29. cxd4 {(00:02]
} g5 {(00:44} 30. Re1 {(02:53} f6 {(00:53} 31. Kc3 {
(00:48} Ra5 {(01:30} 32. Kb3 {(00:26} Kd7 {(01:
13} 33. f3 {(02:14} Kd6 {(03:11} 34. Rc1 {(00:51} Rb5+
{(00:41} 35. Kc3 {(00:51} e6 {(01:03} 36. Re1 {(
00:23} a5 {(03:25} 37. g3 {(04:11} Rf5 {(08:25} 38.
Re3 {(01:57} b5 {(00:33} 39. a3 {(13:11} Kd5 {(
02:38} 40. Rd3 {(00:00} Kc6 {(00:00} 41. Re3 {(00:38}
Kd6 {(01:17} 42. Kb3 {(01:44} Rd5 {(00:48} 43. Kc3 {
(00:33} Ke7 {(13:44} 44. Re2 {(02:07} Kd7 {(00:
26} 45. Re1 {(00:27} Rf5 {(01:07} 46. Re3 {(00:09} Kd6
{(00:45} 47. Kb3 {(00:24} b4 {(02:18} 48. Kc4 {(
04:27} bxa3 {(01:02} 49. Rxa3 {(00:03} Rd5 {(02:39}
50. Rb3 {(01:08} Kc6 {(02:06} 51. Re3 {(03:23} Kd6 {
(03:04} 52. Rb3 {(00:10} Rf5 {(00:22} 53. Ra3 {(
03:19} a4 {(02:43} 54. Rxa4 {(02:50} Rxf3 {(00:08} 55.
Ra6+ {(00:02} Kd7 {(02:56} 56. Ra7+ {(00:01} Kd6 {
(00:12} 57. Ra6+ {(00:02} Kd7 {(00:14} 58. Ra7+ {
(00:01} Kd6 1/2-1/2

[Event "42nd Olympiad Baku 2016 Open"]
[Site "Baku"]
[Date "2016.09.02"]
[Round "1.19"]
[White "Iclicki, Willy"]
[Black "Henriquez Villagra, Cristobal"]
[Result "0-1"]
[ECO "D37"]
[WhiteElo "1963"]
[BlackElo "2508"]
[PlyCount "76"]
[EventDate "2016.??.??"]
[EventCountry "AZE"]
[WhiteTeam "Liechtenstein"]
[BlackTeam "Chile"]
[WhiteTeamCountry "LIE"]
[BlackTeamCountry "CHI"]
[TimeControl "40/5400+30:1800+30"]
[WhiteClock "0:00:32"]
[BlackClock "0:02:15"]

1. d4 {(00:00} Nf6 {(00:00} 2. c4 {(00:05} e6 {(
00:00} 3. Nf3 {(02:08} d5 {(00:09} 4. Nc3 {(02:38} Be7
{(00:28} 5. cxd5 {(01:19} exd5 {(00:07} 6. Bg5 {
(02:55} c6 {(01:18} 7. Qc2 {(00:29} O-O {(01:25]
} 8. e3 {(00:19} h6 {(00:32} 9. Bh4 {(00:36} Re8 {
(04:13} 10. Bd3 {(00:30} Nbd7 {(00:27} 11. O-O {
(00:49} Ne4 {(01:19} 12. Bxe7 {(03:28} Qxe7 {(
00:08} 13. Rab1 {(07:09} a5 {(03:12} 14. a3 {(01:30}
Nd6 {(31:49} 15. Na4 {(08:38} b5 {(16:12} 16. Nc5 {
(05:30} Nc4 {(01:30} 17. Nxd7 {(02:55} Bxd7 {(
00:06} 18. Bxc4 {(08:02} dxc4 {(00:10} 19. Ne5 {(01:06]
} Be6 {(07:54} 20. Rfe1 {(27:18} Rac8 {(09:27} 21. Nf3
{(04:10} Bd5 {(02:34} 22. Nd2 {(01:55} Rcd8 {(
07:21} 23. Rbd1 {(09:36} c5 {(00:55} 24. dxc5 {(01:28}
Qxc5 {(00:29} 25. Nb3 {(00:51} Qb6 {(00:34} 26. Nd4 {
(00:14} Be4 {(01:58} 27. Qd2 {(04:07} Qg6 {(00:
55} 28. f4 {(00:53} h5 {(03:58} 29. Qf2 {(00:25} b4 {
(01:19} 30. Rc1 {(02:04} Rc8 {(00:29} 31. Nf3 {(
01:19} Bxf3 {(02:59} 32. Qxf3 {(00:03} Qd3 {(00:05}
33. e4 {(00:56} Qd4+ {(00:02} 34. Qf2 {(00:53} Rxe4 {
(00:06} 35. Qxd4 {(00:15} Rxd4 {(00:01} 36. Re5 {
(00:28} c3 {(00:51} 37. axb4 {(00:45} c2 {(01:
04} 38. Rc5 {(00:42} Rd1+ {(00:39} 0-1

[Event "42nd Olympiad Baku 2016 Open"]
[Site "Baku"]
[Date "2016.09.02"]
[Round "1.16"]
[White "Illingworth, Max"]
[Black "Hardan, Hamid Musallem"]
[Result "1-0"]
[ECO "A20"]
[WhiteElo "2458"]
[BlackElo "1914"]
[PlyCount "109"]
[EventDate "2016.??.??"]
[EventCountry "AZE"]
[WhiteTeam "Australien"]
[BlackTeam "OMA"]
[WhiteTeamCountry "AUS"]
[TimeControl "40/5400+30:1800+30"]
[WhiteClock "1:27:17"]
[BlackClock "1:05:23"]

1. c4 {(00:00} e5 {(00:21} 2. g3 {(00:00} Nf6 {(
01:11} 3. Bg2 {(00:04} Bc5 {(01:11} 4. Nc3 {(00:20} c6
{(02:02} 5. e3 {(02:26} d5 {(02:07} 6. cxd5 {(
02:26} cxd5 {(00:20} 7. d4 {(01:56} exd4 {(01:03} 8.
exd4 {(00:06} Be7 {(00:31} 9. Nf3 {(01:37} Nc6 {
(00:41} 10. O-O {(00:05} O-O {(00:30} 11. Ne5 {(
00:46} Be6 {(01:21} 12. Nxc6 {(02:44} bxc6 {(00:25}
13. Na4 {(00:56} Rc8 {(08:32} 14. Bf4 {(00:49} Qd7 {
(01:27} 15. Re1 {(01:24} Rfe8 {(00:33} 16. Qb3 {
(03:09} Nh5 {(01:45} 17. Be3 {(01:56} Rb8 {(00:
44} 18. Qd1 {(01:53} Bg4 {(01:39} 19. f3 {(01:24} Bh3
{(01:20} 20. Qd3 {(03:49} Bxg2 {(03:36} 21. Kxg2 {
(00:06} c5 {(00:34} 22. b3 {(02:46} c4 {(00:23}
23. Qc2 {(01:11} Rec8 {(00:15} 24. Nc5 {(01:12} Bxc5 {
(04:06} 25. dxc5 {(00:05} d4 {(01:03} 26. Red1 {
(06:15} Rxc5 {(01:25} 27. Rxd4 {(02:44} Qc7 {(
11:33} 28. Rxc4 {(01:23} Rxc4 {(00:30} 29. Qxc4 {(00:
28} Qb7 {(05:13} 30. Qc5 {(01:34} Qb6 {(02:17} 31. Qe5
{(00:56} Qb5 {(01:34} 32. Qxb5 {(00:09} Rxb5 {(
00:03} 33. Bxa7 {(00:42} Nf6 {(00:39} 34. Rc1 {(00:08}
h6 {(00:14} 35. Bd4 {(00:20} Nd7 {(02:34} 36. Kf2 {
(00:08} f6 {(00:51} 37. Ke3 {(00:42} Kf7 {(00:
15} 38. Rc6 {(00:31} Ke7 {(01:09} 39. f4 {(00:40} g5 {
(02:58} 40. Ra6 {(00:00} Rd5 {(00:00} 41. Bc3 {(
03:41} gxf4+ {(02:48} 42. Kxf4 {(00:42} Rd3 {(00:46}
43. Bb4+ {(00:21} Kf7 {(00:07} 44. Rd6 {(00:44} Ne5 {
(00:25} 45. Ke4 {(00:18} Rf3 {(01:15} 46. Bc5 {(
01:06} Rf1 {(01:44} 47. Bd4 {(00:38} Re1+ {(00:39} 48.
Kd5 {(00:59} Rd1 {(01:02} 49. Kc5 {(00:31} Rc1+ {
(01:11} 50. Kb5 {(00:07} Ke7 {(00:17} 51. Bxe5 {
(00:37} fxe5 {(00:04} 52. Rxh6 {(00:05} e4 {(02:
05} 53. Rh4 {(00:05} Re1 {(00:05} 54. Kc4 {(00:06} e3
{(00:14} 55. Kd3 {(00:23} 1-0

[Event "42nd Olympiad Baku 2016 Open"]
[Site "Baku"]
[Date "2016.09.02"]
[Round "1.11"]
[White "Indjic, Aleksandar"]
[Black "Winter Atwell, Adrian"]
[Result "1-0"]
[ECO "D02"]
[WhiteElo "2548"]
[BlackElo "2158"]
[PlyCount "89"]
[EventDate "2016.??.??"]
[EventCountry "AZE"]
[WhiteTeam "Serbien"]
[BlackTeam "TTO"]
[WhiteTeamCountry "SRB"]
[TimeControl "40/5400+30:1800+30"]
[WhiteClock "0:51:51"]
[BlackClock "0:28:13"]

1. d4 {(01:25} d5 {(00:00} 2. Nf3 {(00:16} c6 {(
00:22} 3. c4 {(00:25} Nf6 {(00:36} 4. Qc2 {(01:45} Bg4
{(01:49} 5. Ne5 {(04:46} Bh5 {(05:12} 6. cxd5 {(
03:04} cxd5 {(00:49} 7. Nc3 {(03:45} e6 {(03:03} 8. e4
{(02:14} Nbd7 {(07:01} 9. exd5 {(16:06} exd5 {(
01:07} 10. g4 {(02:18} Bg6 {(17:39} 11. Nxg6 {(00:11}
hxg6 {(00:56} 12. g5 {(00:08} Ne4 {(02:50} 13. Nxe4 {
(01:19} dxe4 {(00:31} 14. Qxe4+ {(00:09} Be7 {(
00:37} 15. Bc4 {(01:39} Kf8 {(02:11} 16. h4 {(01:21}
Qc7 {(03:30} 17. Bb3 {(06:50} Re8 {(03:21} 18. Kd1 {
(00:14} Bb4 {(04:44} 19. Qf3 {(01:50} Re7 {(06:
02} 20. Be3 {(00:17} Nb6 {(08:31} 21. h5 {(03:02} Nc4
{(06:44} 22. Rc1 {(12:38} Nxb2+ {(00:40} 23. Ke2 {
(00:09} Qd7 {(00:12} 24. a4 {(06:55} Nxa4 {(05:
47} 25. hxg6 {(00:40} Rxh1 {(05:32} 26. Qxh1 {(00:21}
Rxe3+ {(01:55} 27. fxe3 {(00:30} Qg4+ {(00:23} 28. Kf2
{(02:18} Nc3 {(01:05} 29. Rxc3 {(00:27} Bxc3 {(
00:31} 30. Qxb7 {(01:57} Qf5+ {(05:14} 31. Ke2 {(00:10]
} Ba5 {(01:23} 32. Qb8+ {(00:24} Ke7 {(00:21} 33. Qxa7+
{(00:08} Kd8 {(00:33} 34. Qb8+ {(01:01} Ke7 {(
00:12} 35. Qb7+ {(00:38} Kd8 {(00:28} 36. gxf7 {(01:05]
} Qg4+ {(00:34} 37. Qf3 {(00:58} Qxf3+ {(00:27} 38.
Kxf3 {(00:08} Ke7 {(00:27} 39. e4 {(03:27} Bd2 {
(01:57} 40. e5 {(00:00} Bc3 {(00:00} 41. Ke4 {(
02:04} Bd2 {(04:39} 42. Kf5 {(00:30} Bc3 {(00:34} 43.
d5 {(00:12} g6+ {(03:05} 44. Kxg6 {(00:50} Bxe5 {
(00:13} 45. d6+ {(00:05} 1-0

[Event "42nd Olympiad Baku 2016 Open"]
[Site "Baku"]
[Date "2016.09.02"]
[Round "1.21"]
[White "Ismael, Namir Mohammed Isma"]
[Black "Wojtaszek, Radoslaw"]
[Result "0-1"]
[ECO "A49"]
[WhiteElo "2161"]
[BlackElo "2736"]
[PlyCount "102"]
[EventDate "2016.??.??"]
[EventCountry "AZE"]
[WhiteTeam "Irak"]
[BlackTeam "Polen"]
[WhiteTeamCountry "IRQ"]
[BlackTeamCountry "POL"]
[TimeControl "40/5400+30:1800+30"]
[WhiteClock "0:00:34"]
[BlackClock "0:56:31"]

1. d4 {(00:00} Nf6 {(00:00} 2. Nf3 {(00:01} g6 {
(00:00} 3. g3 {(01:03} b6 {(00:17} 4. Bg2 {(00:
31} Bb7 {(00:07} 5. c4 {(02:28} Bg7 {(00:09} 6. O-O {
(00:48} O-O {(00:16} 7. Nc3 {(01:30} Ne4 {(00:
26} 8. Nxe4 {(07:18} Bxe4 {(01:16} 9. b3 {(11:52} c5 {
(05:34} 10. Bb2 {(00:19} Nc6 {(00:44} 11. Qd2 {(
28:48} Bxf3 {(17:14} 12. Bxf3 {(00:20} cxd4 {(00:22}
13. Rad1 {(01:29} Qc7 {(00:33} 14. Bxc6 {(09:53} dxc6 {
(00:12} 15. Bxd4 {(00:13} Rad8 {(02:11} 16. Qe3 {
(00:35} Bxd4 {(00:11} 17. Rxd4 {(00:11} Rxd4 {(
00:05} 18. Qxd4 {(00:25} Rd8 {(00:04} 19. Qe3 {(07:50}
c5 {(20:43} 20. Rc1 {(05:44} e5 {(02:14} 21. Rc3 {
(11:15} Rd1+ {(01:59} 22. Kg2 {(02:42} Qc6+ {(
00:06} 23. f3 {(01:15} e4 {(00:39} 24. Qxe4 {(02:18}
Qxe4 {(00:10} 25. fxe4 {(00:04} Rd2 {(00:04} 26. Kf3 {
(01:33} Rxa2 {(00:04} 27. Rd3 {(00:44} Rb2 {(04:
03} 28. h4 {(00:31} Kf8 {(01:15} 29. Ke3 {(00:42} Ke7
{(00:13} 30. Kf3 {(00:30} h5 {(01:47} 31. Ke3 {(
00:17} Ke6 {(00:17} 32. Kf3 {(00:16} f6 {(08:05} 33.
Ke3 {(00:50} Rb1 {(01:54} 34. Kd2 {(01:40} Rg1 {
(00:24} 35. Rf3 {(00:54} Ke5 {(00:35} 36. Kc2 {(
00:36} Kxe4 {(05:10} 37. Rxf6 {(00:26} Rxg3 {(00:04}
38. Rf7 {(00:31} Rg4 {(02:08} 39. Rxa7 {(00:26} Rxh4 {
(00:22} 40. Rb7 {(00:00} Rg4 {(00:00} 41. Rxb6 {
(04:03} h4 {(00:29} 42. Rb8 {(12:58} h3 {(00:55]
} 43. Rh8 {(08:55} Rg3 {(00:09} 44. Re8+ {(03:51} Kf4 {
(01:00} 45. Rf8+ {(01:24} Ke5 {(01:34} 46. Re8+ {
(01:50} Kf6 {(00:05} 47. Rf8+ {(00:57} Kg7 {(01:
13} 48. Rf1 {(00:34} g5 {(00:05} 49. Kd2 {(00:38} g4 {
(01:04} 50. e4 {(00:25} h2 {(00:24} 51. Rh1 {(
00:33} Rg2+ {(00:04} 0-1

[Event "42nd Olympiad Baku 2016 Open"]
[Site "Baku"]
[Date "2016.09.02"]
[Round "1.31"]
[White "Jamena, Joseph Mensah"]
[Black "Rios, Cristhian Camilo"]
[Result "0-1"]
[ECO "B54"]
[WhiteElo "1992"]
[BlackElo "2489"]
[PlyCount "72"]
[EventDate "2016.??.??"]
[EventCountry "AZE"]
[WhiteTeam "Ghana"]
[BlackTeam "Kolumbien"]
[WhiteTeamCountry "GHA"]
[BlackTeamCountry "COL"]
[TimeControl "40/5400+30:1800+30"]
[WhiteClock "0:02:00"]
[BlackClock "0:35:39"]

1. e4 {(00:00} c5 {(00:00} 2. Nf3 {(00:00} d6 {(
00:00} 3. d4 {(00:00} cxd4 {(00:00} 4. Nxd4 {(00:00}
a6 {(00:04} 5. Nc3 {(03:57} e6 {(00:33} 6. Be3 {
(00:50} b5 {(01:07} 7. Bd3 {(01:07} Bb7 {(02:32]
} 8. f3 {(00:56} Nf6 {(01:08} 9. Qe2 {(02:13} Nbd7 {
(00:31} 10. O-O {(00:47} b4 {(05:34} 11. Na4 {(
03:23} d5 {(04:45} 12. Rad1 {(09:56} Bd6 {(03:06} 13.
exd5 {(19:50} Nxd5 {(00:57} 14. Bf2 {(03:10} Nf4 {
(10:40} 15. Qe3 {(01:16} O-O {(12:00} 16. Ne2 {(
15:28} Nd5 {(05:08} 17. Qd2 {(02:21} Qc7 {(00:31} 18.
c4 {(02:25} bxc3 {(01:04} 19. Naxc3 {(00:03} Bxh2+ {
(00:54} 20. Kh1 {(00:20} Be5 {(00:57} 21. Rc1 {(
07:46} Qd8 {(01:56} 22. Rfd1 {(03:47} h6 {(05:17} 23.
a3 {(05:12} a5 {(02:42} 24. Rc2 {(02:43} Rb8 {(
02:46} 25. Ne4 {(03:40} Ba8 {(03:23} 26. g3 {(04:41}
f5 {(00:57} 27. Nc5 {(00:55} Nxc5 {(00:08} 28. Bxc5 {
(00:12} Rf7 {(00:06} 29. Kg2 {(00:29} f4 {(01:
00} 30. Be4 {(01:50} Rd7 {(00:49} 31. Kf2 {(04:32} Ne3
{(00:48} 32. Bxe3 {(01:28} Rxd2 {(00:23} 33. Bxd2 {
(00:02} fxg3+ {(00:17} 34. Nxg3 {(00:06} Bxg3+ {
(00:05} 35. Kxg3 {(00:06} Bxe4 {(00:08} 36. fxe4 {
(00:29} Qd3+ {(00:05} 0-1